 Dungeon Crawl Stone Soup version 0.30-a0-949-g53dc5368d7 (webtiles) character file.

Game seed: 16083059073669863229

43 Jackthecabe the Stinger (level 3, 0/37 HPs)
             Began as a Gnoll Venom Mage on Mar 27, 2023.
             Succumbed to a kobold's poison
             ... on level 2 of the Dungeon.
             The game lasted 00:02:08 (1833 turns).

Jackthecabe the Stinger (Gnoll Venom Mage)          Turns: 1833, Time: 00:02:09

Health: 0/37       AC: 21    Str:  5 (7)  XL:     3   Next: 58%
Magic:  0/9        EV:  2    Int: 14 (16) God:
Gold:   107        SH:  0    Dex:  9 (12) Spells: 9/12 levels left

rFire   . . .      SeeInvis .    (no weapon)
rCold   . . .      Faith    .    (no shield)
rNeg    . . .      Spirit   .    a - melded +0 robe
rPois   +          Reflect  .    (helmet currently unavailable)
rElec   .          Rampage  .    g - melded +0 cloak
rCorr   .          NoTele   +    (gloves currently unavailable)
Will    .....                    (boots currently unavailable)
Stlth   ++                       (no amulet)
HPRegen 0.26/turn                (no ring)
MPRegen 0.11/turn                (no ring)

@: lethally poisoned (0 -> -12), tree-form, very slightly contaminated
A: stationary, stasis, torment immunity, boosted hp, (fangs 1), strong nose,
distributed training
a: no special abilities


You were on level 2 of the Dungeon.
You were a tree.
You visited 1 branch of the dungeon, and saw 2 of its levels.

You collected 107 gold pieces.


Innate Abilities, Weirdness & Mutations

You are a tree.
Your roots penetrate the ground, keeping you stationary.
You cannot be teleported.
You are immune to unholy pain and torment.
Your maximum health is greatly increased.
Your equipment is partially melded.
((You have very sharp teeth.))
Your uncanny sense of smell can sniff out nearby items.
Your experience applies equally to all skills.


   Skills:
 + Level 0.9 Fighting
 + Level 0.9 Short Blades
 + Level 0.9 Long Blades
 + Level 0.9 Axes
 + Level 0.9 Maces & Flails
 + Level 0.9 Polearms
 + Level 0.9 Staves
 + Level 0.9 Ranged Weapons
 + Level 0.9 Throwing
 + Level 0.9 Armour
 + Level 4.5 Dodging
 + Level 4.2 Stealth
 + Level 0.9 Shields
 + Level 0.9 Unarmed Combat
 + Level 5.0 Spellcasting
 + Level 0.6 Conjurations
 + Level 0.6 Hexes
 + Level 0.6 Summonings
 + Level 0.6 Necromancy
 + Level 0.6 Translocations
 + Level 2.1 Transmutations
 + Level 0.6 Fire Magic
 + Level 0.6 Ice Magic
 + Level 0.6 Air Magic
 + Level 0.6 Earth Magic
 + Level 5.4 Poison Magic
 + Level 1.0 Invocations
 + Level 0.9 Evocations


You had 9 spell levels left.
You knew the following spells:

 Your Spells              Type           Power      Damage    Failure   Level
p - Poisonous Vapours     Pois/Air       24%        N/A       8%          2
z - Sting                 Tmut/Pois      56%        1d5       3%          1

Your spell library contained the following spells:

 Spells                   Type           Power      Damage    Failure   Level
 Olgreb's Toxic Radiance  Pois           18%        N/A       19%         4
 Mephitic Cloud           Conj/Pois/Air  9%         N/A       21%         3

Inventory:

Armour
 a - a +0 robe (melded)
 g - a +0 cloak (melded)
Scrolls
 e - 2 scrolls of fog {unknown}
 h - 2 scrolls of teleportation {unknown}
 i - 3 scrolls of identify {unknown}
 j - a scroll of amnesia {unknown}
 k - a scroll of magic mapping {unknown}
Potions
 b - a potion of magic
 f - a potion of attraction {unknown}

Dungeon Overview and Level Annotations

Branches:
Dungeon (2/15)

Altars:
## ♣.....$.♣ # P...§...♣ # ♣~.r.... # P....÷P ### P...P #.. P)P

#.#
#)#### #
#♣)#.#
##.#.#
#.#.# #.#
#)#.####
#..
#.#....#
###
#.####.##
#.......#
######..#
#..#


You could see a rat.


Message History

* * * LOW HITPOINT WARNING * * *
You feel very sick.
A rat comes into view.
The kobold barely misses you.
You are too injured to fight recklessly!
Unknown command.
You are too injured to fight recklessly!
Casting: Sting (safe; 3% risk of failure)
Confirm with . or Enter, or press ? or * to list all spells.
Aiming: Sting (safe; 3% risk of failure)
Press: ? - help, Shift-Dir - straight line, f/p - kobold
Aim: a kobold, wielding a +1 whip of venom and quivering stones (67% to hit)
The sting hits the kobold.
The kobold is poisoned.
The kobold is moderately wounded.
* * * LOW HITPOINT WARNING * * *
You feel very sick.
The rat twitches its whiskers.
The kobold hits you with a +1 whip of venom.
* * * LOW HITPOINT WARNING * * *
You are more poisoned.
It was a potion of lignification.
You turn into a tree.
Your +0 cloak melds into your body.
Your +0 robe melds into your body.
Your roots penetrate the ground.
* * * LOW HITPOINT WARNING * * *
You feel very sick.
You kill the kobold!
It was a potion of degeneration.
There was something very wrong with that liquid.
You feel weakened.
You feel dopey.
You feel clumsy.
You die...

Skill      XL: |  1  2  3 |
---------------+----------+-----
Transmutations | 2 |  2.1
Spellcasting   | 5 |  5.0
Invocations    | 1 |  1.0
Fighting       | |  0.9
Short Blades   | |  0.9
Long Blades    | |  0.9
Axes           | |  0.9
Maces & Flails | |  0.9
Polearms       | |  0.9
Staves         | |  0.9
Ranged Weapons | |  0.9
Throwing       | |  0.9
Armour         | |  0.9
Dodging        | |  4.5
Stealth        | |  4.2
Shields        | |  0.9
Unarmed Combat | |  0.9
Conjurations   | |  0.6
Hexes          | |  0.6
Summonings     | |  0.6
Necromancy     | |  0.6
Translocations | |  0.6
Fire Magic     | |  0.6
Ice Magic      | |  0.6
Air Magic      | |  0.6
Earth Magic    | |  0.6
Poison Magic   | |  5.4
Evocations     | |  0.9

Action                     || total
---------------------------++-------
  Melee: Unarmed           ||     4
   Cast: Sting             ||    77
    Use: Potion            ||     2
 Armour: Robe              ||     6
  Dodge: Dodged            ||    28

Levels and vault maps discovered:
D:1:      psy_arrival_radial01, layout_loops_ring,
          corexii_item_surrounded_by_moat, minmay_misc_feat_more_columns
D:2:      layout_loops_ring, st_stairs_8, lexackson_kobold_supper

Notes
Turn   | Place    | Note
-------+----------+-------------------------------------------
     0 | D:1      | Jackthecabe the Gnoll Venom Mage began the quest for the
                  | Orb.
     0 | D:1      | Reached XP level 1. HP: 13/13 MP: 6/6
   172 | D:1      | Reached skill level 2 in Transmutations
   212 | D:1      | Reached XP level 2. HP: 19/19 MP: 2/7
   611 | D:1      | Learned a level 2 spell: Poisonous Vapours
   798 | D:1      | Reached skill level 5 in Spellcasting
   798 | D:1      | Reached XP level 3. HP: 25/25 MP: 5/9
  1486 | D:2      | Reached skill level 1 in Invocations
  1832 | D:2      | HP: 3/37 [poisoned by a kobold]
  1833 | D:2      | Succumbed to a kobold's poison

Vanquished Creatures
  4 ball pythons
  7 bats
  3 endoplasms
  2 giant cockroaches (D:1)
  A goblin (D:1)
  2 hobgoblins (D:1)
  2 jackals (D:1)
  9 kobolds
  3 quokkas
  2 frilled lizards (D:1)
  2 rats (D:2)
37 creatures vanquished.

Vanquished Creatures (others)
  2 plants (D:2)
2 creatures vanquished.

Grand Total: 39 creatures vanquished

Table legend: (Time is in decaauts)
 A = Elapsed time spent in this place.
 B = Non-inter-level travel time spent in this place.
 C = Inter-level travel time spent in this place.
 D = Time resting spent in this place.
 E = Time spent auto-exploring this place.
 F = Levels seen in this place.
 G = Mean time per level.
                   A        B        C        D        E       F      G
               +--------+--------+--------+--------+--------+-----+--------+
         Total |   1832 |   1807 |     25 |      4 |   1580 |   2 |  916.0 |
       Dungeon |   1832 |   1807 |     25 |      4 |   1580 |   2 |  916.0 |
               +--------+--------+--------+--------+--------+-----+--------+

Top non-repeatable levels by time:
     D:1: 1285 daAuts
     D:2: 547 daAuts

Table legend:
 A = Non-vault XP
 B = Vault XP
 C = Vault XP percentage of total XP
 D = Non-vault monster count
 E = Vault monster count
 F = Vault count percentage of total count
                 A         B        C        D         E       F
            +---------+---------+-------+---------+---------+-------
      Total |      51 |      11 |  17.7 |      30 |       7 |  18.9
            +---------+---------+-------+---------+---------+-------
        D:1 |      40 |       0 |   0.0 |      22 |       0 |   0.0
        D:2 |      11 |      11 |  50.0 |       8 |       7 |  46.7
            +---------+---------+-------+---------+---------+-------
